 Dungeon Crawl Stone Soup version 0.22-a0-430-g6609fc6 (webtiles) character file.

1829 KristoblXynda the Cleaver (level 8, 0/68 HPs)
             Began as a Deep Dwarf Fighter on May 26, 2018.
             Was an Initiate of Makhleb.
             Slain by Prince Ribbit (11 damage)
             ... on level 6 of the Dungeon.
             The game lasted 00:15:13 (5058 turns).

KristoblXynda the Cleaver (Deep Dwarf Fighter)      Turns: 5058, Time: 00:15:14

Health: 0/68       AC:  7    Str: 21    XL:     8   Next: 86%
Magic:  7/7        EV:  8    Int: 12    God:    Makhleb [......]
Gold:   290        SH: 11    Dex: 12    Spells: 7/7 levels left

rFire    . . .     SeeInvis .   a - +1 war axe
rCold    + . .     Gourm    .   c - +0 shield
rNeg     . . .     Faith    .   b - +0 scale mail
rPois    .         Spirit   .   (no helmet)
rElec    +         Reflect  .   (no cloak)
rCorr    .         Harm     .   (no gloves)
MR       +....                  (no boots)
Stlth    ..........             (no amulet)
HPRegen  0.00/turn              r - +2 ring of intelligence
MPRegen  0.10/turn              (no ring)

@: non-regenerating
A: damage resistance, heal wounds, cold resistance 1, sense surroundings 2,
electricity resistance, no regeneration
a: Heal Wounds, Renounce Religion


You were on level 6 of the Dungeon.
You worshipped Makhleb.
Makhleb was noncommittal.
You were not hungry.

You visited 2 branches of the dungeon, and saw 7 of its levels.

You collected 290 gold pieces.

Inventory:

Hand Weapons
 a - a +1 war axe (weapon)
 n - a +2 whip of freezing
Missiles
 v - a throwing net (quivered)
Armour
 b - a +0 scale mail (worn)
 c - a +0 shield (worn)
 e - a +0 hat
Magical Staves
 o - an uncursed staff of energy
Jewellery
 r - a +2 ring of intelligence (left hand)
 w - an uncursed amulet of guardian spirit
Wands
 k - a wand of iceblast (8)
 s - a wand of disintegration (10)
Scrolls
 g - a scroll of teleportation
 j - 4 scrolls of remove curse
Potions
 i - 2 potions of resistance
 l - a potion of flight
 m - a potion of haste
Comestibles
 d - 4 chunks of flesh
 f - 9 rations


   Skills:
 - Level 2.6 Fighting
 * Level 9.2 Axes
 + Level 7.1 Armour
 + Level 7.1 Shields


You had 7 spell levels left.
You didn't know any spells.
Your spell library was empty.

Dungeon Overview and Level Annotations

Branches:
Dungeon (6/15)             Temple (1/1) D:6

Altars:
Ashenzari
Cheibriados
Dithmenos
Elyvilon
Fedhas
Gozag
Hepliaklqana
Kikubaaqudgha
Makhleb
Nemelex Xobeh
Okawaru
Qazlal
Ru
Sif Muna
Trog
Uskayaw
Vehumet
Wu Jian
Xom
Yredelemnul
Zin
The Shining One

Shops:
D:5 *

Annotations:
D:6 Prince Ribbit


Innate Abilities, Weirdness & Mutations

You are resistant to damage.
You can heal yourself by infusing magical energy.
You passively map the area around you.
You do not regenerate.
Your flesh is cold resistant. (rC+)
You are resistant to electric shocks. (rElec)


Message History

You feel a little less clever now.
Unknown command.
As you read the scroll of identify, it crumbles to dust.
w - an uncursed amulet of guardian spirit You open the door.
There is an open door here.
Things that are here:
an uncursed shortbow; 12 arrows
Found a hat.
You see here a hat.
You open the door.
Prince Ribbit croaks.
Prince Ribbit blinks!
Found an escape hatch in the ceiling.
Prince Ribbit is nearby!
Prince Ribbit blinks!
You see here a hat.
e - a hat You closely miss Prince Ribbit.
Prince Ribbit hits you!
You die...

* # *,,F# ,..# * *
###########...# , *
#>....@F..'...+
#.##.######..<# ,, **
#.##.# * ### , #.##.#
*, #.##.#### * #
#.##....###############
#.......'(...........)'
##.....)###############
#.#....'........#...##


You could see Prince Ribbit.

Vanquished Creatures
  Pikel (D:3)
  The ghost of Thaneod the Magician, an amateur DESu of Vehumet (D:5)
  2 phantoms
  2 slaves
  An ogre (D:4)
  3 centaurs (D:6)
  Blork the orc (D:6)
  A howler monkey (D:4)
  A bullfrog zombie (D:5)
  A crimson imp (D:5)
  A jelly (D:5)
  2 orc priests (D:3)
  A gnoll shaman (D:3)
  2 orc wizards (D:6)
  2 bullfrog skeletons
  An iguana (D:4)
  2 worker ants
  7 gnolls
  14 adders
  An ooze (D:2)
  An adder skeleton (D:4)
  An adder zombie (D:5)
  A worm (D:2)
  3 dart slugs
  A leopard gecko (D:1)
  8 orcs
  3 bats (D:1)
  4 giant cockroaches
  6 goblins
  4 hobgoblins
  4 jackals
  A quokka (D:4)
  10 frilled lizards
  7 kobolds
  A leopard gecko skeleton (D:4)
  7 rats
109 creatures vanquished.

Vanquished Creatures (others)
  4 fungi
4 creatures vanquished.

Grand Total: 113 creatures vanquished

Notes
Turn   | Place    | Note
-------+----------+-------------------------------------------
     0 | D:1      | KristoblXynda the Deep Dwarf Fighter began the quest for the Orb.
     0 | D:1      | Reached XP level 1. HP: 20/20 MP: 1/1
   117 | D:1      | Reached XP level 2. HP: 24/27 MP: 2/2
   238 | D:1      | Reached skill level 3 in Axes
   477 | D:1      | Found a sparkling altar of Nemelex Xobeh.
   678 | D:2      | Reached XP level 3. HP: 16/33 MP: 3/3
   935 | D:2      | Found a snail-covered altar of Cheibriados.
  1092 | D:2      | Found a stormy altar of Qazlal.
  1098 | D:2      | Reached XP level 4. HP: 13/40 MP: 4/4
  1162 | D:2      | Reached skill level 4 in Axes
  1472 | D:3      | Reached XP level 5. HP: 26/46 MP: 5/5
  1631 | D:3      | HP: 1/46 [orc priest/nerve-wracking pain (7)]
  2170 | D:4      | Found a blossoming altar of Fedhas.
  2260 | D:3      | Reached skill level 5 in Axes
  2460 | D:4      | Found a shimmering altar of Xom.
  2460 | D:4      | Noticed an ogre
  2488 | D:4      | Killed an ogre
  2488 | D:4      | Reached XP level 6. HP: 20/55 MP: 6/6
  2596 | D:4      | Noticed a slave
  2596 | D:4      | Noticed a slave
  2657 | D:3      | Killed a slave
  2769 | D:4      | Killed a slave
  2961 | D:4      | Reached skill level 5 in Armour
  2961 | D:4      | Reached skill level 5 in Shields
  2973 | D:4      | Found an ancient bone altar of Kikubaaqudgha.
  2974 | D:4      | Found a sacrificial altar of Ru.
  3013 | D:4      | Reached skill level 6 in Axes
  3013 | D:4      | Reached XP level 7. HP: 34/61 MP: 7/7
  3212 | D:4      | Noticed Pikel
  3256 | D:3      | Killed Pikel
  3256 | D:3      | Reached skill level 7 in Axes
  3256 | D:3      | Reached XP level 8. HP: 14/68 MP: 8/8
  3383 | D:5      | Entered Level 5 of the Dungeon
  3520 | D:5      | Reached skill level 8 in Axes
  3573 | D:5      | Found an ornate altar of the Wu Jian Council.
  3722 | D:5      | Noticed Thaneod's ghost (amateur DESu)
  3740 | D:5      | Killed Thaneod's ghost
  3788 | D:5      | Found Dilauvuy's Desiderata Depot.
  4008 | D:5      | Found a transporter.
  4066 | D:5      | Found a transporter.
  4182 | D:6      | Noticed Prince Ribbit
  4191 | D:6      | HP: 1/68 [Prince Ribbit (9)]
  4298 | D:6      | Found a staircase to the Ecumenical Temple.
  4314 | Temple   | Entered the Ecumenical Temple
  4523 | Temple   | Became a worshipper of Makhleb the Destroyer
  4606 | D:6      | Found a deep blue altar of Sif Muna.
  4670 | D:6      | Reached skill level 9 in Axes
  4983 | D:6      | Noticed Blork the orc
  4986 | D:6      | Gained mutation: Your flesh is cold resistant. (rC+) [potion of mutation]
  4986 | D:6      | Gained mutation: You are resistant to electric shocks. (rElec) [potion of mutation]
  4986 | D:6      | Gained mutation: You passively map the area around you. [potion of mutation]
  4995 | D:6      | Killed Blork the orc
  5058 | D:6      | Slain by Prince Ribbit

Vault maps used:
D:1:      dpeg_arrival_rhombi, glass_columns_c, nemelex_altar_shiori
D:2:      grunt_qazlal_clouds, first_ration, kennysheep_slug_shrine
D:4:      overflow_temple_1_default, fedhas_altar_3,
          gammafunk_temple_overflow_statue, minivault_26, uniq_pikel
D:5:      gammafunk_cloud_chamber, overflow_temple_1_default,
          nicolae_alphabet_shops
D:6:      led_sif_book, minmay_temple_entry_mist, eino_tiny_chamber,
          serial_bayou_pond_e, uniq_prince_ribbit1, uniq_blork_the_orc,
          uniq_crazy_yiuf_cottage
Temple:   regret_index_temple_generic_petals

Skill      XL: |  1  2  3  4  5  6  7  8 |
---------------+-------------------------+-----
Axes           | 3 4 5 6 7 9 |  9.2
Armour         | 4 5 6 7 |  7.1
Shields        | 4 5 6 7 |  7.1
Fighting       | |  2.6

Action                   |  1- 3 |  4- 6 |  7- 9 || total
-------------------------+-------+-------+-------++-------
Melee: War axe           |   138 |   176 |   165 ||   479
Throw: Throwing net      |       |     1 |       ||     1
 Abil: Heal Wounds       |       |     3 |     5 ||     8
Evoke: Wand              |       |       |     2 ||     2
  Use: Potion            |       |     7 |     8 ||    15
       Scroll            |       |     9 |     4 ||    13
  Eat: Chunk             |       |     4 |       ||     4
       Ration            |       |     1 |     2 ||     3
Armor: Scale mail        |    73 |    43 |    44 ||   160
Dodge: Dodged            |    53 |    48 |    43 ||   144
Block: Shield            |    95 |    92 |   103 ||   290

Table legend:
 A = Spawn XP
 B = Non-spawn XP
 C = Spawn XP percentage of total XP
 D = Spawn monster count
 E = Non-spawn monster count
 F = Spawn count percentage of total count
 G = Total turns spent on level
                    A         B        C        D         E        F      G
               +---------+---------+-------+---------+---------+-------+---------
         Total |       0 |    2614 |   0.0 |       0 |     107 |   0.0 |  5058
               +---------+---------+-------+---------+---------+-------+---------
           D:1 |       0 |      38 |   0.0 |       0 |      24 |   0.0 |   612
           D:2 |       0 |     115 |   0.0 |       0 |      21 |   0.0 |   726
           D:3 |       0 |     880 |   0.0 |       0 |      21 |   0.0 |  1097
           D:4 |       0 |     423 |   0.0 |       0 |      15 |   0.0 |   948
           D:5 |       0 |     549 |   0.0 |       0 |      14 |   0.0 |   872
           D:6 |       0 |     609 |   0.0 |       0 |      12 |   0.0 |   579
               +---------+---------+-------+---------+---------+-------+---------
